[Event "Titled Tuesday Blitz August 31 2021"]
[White "Janaszak, Dawid"]
[Black "Urazayev, Arystanbek"]
[WhiteFideId "1119206"]
[BlackFideId "13709810"]
[WhiteElo "2332"]
[BlackElo "2321"]
[Result "0-1"]
[Round "02"]
[TimeControl "180+1"]
[Date "2021.08.31"]
[WhiteClock "0:00:06"]
[BlackClock "0:00:23"]

1. e4 c5 2. Nc3 e6 3. f4 Nc6 4. Nf3 d5 5. Bb5 Ne7 6. Ne5 d4 7. Ne2 Qb6 8. Nc4 Qc7 9. d3 a6 10. Bxc6+ Nxc6 11. O-O Be7 12. f5 e5 13. Ng3 b5 14. Nd2 Bg5 15. Nh5 f6 16. Nf3 Bxc1 17. Rxc1 Qf7 18. Nd2 Bb7 19. Nb3 Qe7 20. Qg4 O-O 21. Nxc5 Bc8 22. Nb3 Kh8 23. Rf3 Bd7 24. Rh3 g5 25. Ng3 a5 26. Nd2 a4 27. Rh6 Qg7 28. Rh3 a3 29. b3 Nb4 30. Nh5 Qf7 31. Nf3 Nxa2 32. Ra1 Nc3 33. Nxf6 Qxf6 34. Qh5 h6 35. Nxe5 Ne2+ 36. Kh1 Nf4 37. Qxh6+ Qxh6 38. Rxh6+ Kg7 39. Rd6 Be8 40. Rxd4 Bh5 41. g3 Ne2 42. Rd7+ Kf6 43. Rd5 Rfd8 44. g4 Rxd5 45. exd5 Kxe5 46. gxh5 b4 47. h6 Kxf5 48. Kg2 Nf4+ 49. Kf3 Nxd5 50. d4 g4+ 51. Ke2 Kg6 52. Kd3 Kxh6 53. Kc4 Ne3+ 54. Kxb4 Nxc2+ 55. Kc5 Nxa1 0-1


[Site "https://www.chess.com"]

[Event "Titled Tuesday Blitz August 31 2021"]
[White "Jaracz, Pawel"]
[Black "Ljukin, Sergei"]
[WhiteFideId "1102222"]
[BlackFideId "14102200"]
[WhiteElo "2495"]
[BlackElo "2309"]
[Result "1-0"]
[Round "02"]
[TimeControl "180+1"]
[Date "2021.08.31"]
[WhiteClock "0:01:17"]
[BlackClock "0:00:07"]

1. d4 d5 2. c4 c6 3. Nc3 Nf6 4. e3 e6 5. b3 Bb4 6. Bd2 Bd6 7. Bd3 Nbd7 8. Nge2 e5 9. cxd5 Nxd5 10. O-O O-O 11. Nxd5 cxd5 12. dxe5 Nxe5 13. Bc3 Nxd3 14. Qxd3 Be6 15. Nf4 Bxf4 16. exf4 Qd7 17. Rfe1 Rfe8 18. Qg3 d4 19. Red1 f6 20. Rxd4 Qf7 21. Rad1 a5 22. h3 a4 23. bxa4 Bxa2 24. f5 Re7 25. Rd6 Ra6 26. Bxf6 Rxd6 27. Rxd6 Rd7 28. Bxg7 Rxd6 29. Bc3+ Rg6 30. fxg6 hxg6 31. Qb8+ 1-0


[Site "https://www.chess.com"]

[Event "Titled Tuesday Blitz August 31 2021"]
[White "Javakhadze, Zurab"]
[Black "Abdusattorov, Nodirbek"]
[WhiteFideId "13603647"]
[BlackFideId "14204118"]
[WhiteElo "2381"]
[BlackElo "2662"]
[Result "0-1"]
[Round "02"]
[TimeControl "180+1"]
[Date "2021.08.31"]
[WhiteClock "0:01:28"]
[BlackClock "0:01:39"]

1. d4 Nf6 2. c4 c5 3. d5 e6 4. Nc3 exd5 5. cxd5 d6 6. Nf3 g6 7. e4 a6 8. a4 Bg4 9. Be2 Bxf3 10. Bxf3 Nbd7 11. O-O Bg7 12. Be2 O-O 13. Re1 Qe7 14. Bf1 Rfc8 15. Bd2 Rab8 16. Rb1 c4 17. b4 b5 18. axb5 axb5 19. Be3 Ng4 20. Bd4 Be5 21. Bxe5 Ndxe5 22. h3 Nf6 23. Qd4 Nh5 24. Ra1 Nf4 25. Ra7 Nxh3+ 26. Kh1 Qg5 27. Qe3 Nf4 28. g3 Qh5+ 29. Kg1 Nf3+ 0-1


[Site "https://www.chess.com"]

[Event "Titled Tuesday Blitz August 31 2021"]
[White "Kamsky, Gata"]
[Black "De Waele, Warre"]
[WhiteFideId "2000024"]
[BlackFideId "241156"]
[WhiteElo "2644"]
[BlackElo "2183"]
[Result "1-0"]
[Round "02"]
[TimeControl "180+1"]
[Date "2021.08.31"]
[WhiteClock "0:02:19"]
[BlackClock "0:02:28"]

1. e4 e5 2. Nf3 Nc6 3. Bb5 Nf6 4. O-O Nxe4 5. d4 Nd6 6. Bxc6 dxc6 7. dxe5 Nf5 8. Qxd8+ Kxd8 9. Rd1+ Ke8 10. Nc3 Be7 11. h3 Nh4 12. Nxh4 Bxh4 13. Bf4 Bf5 14. Rd2 h5 15. f3 Be7 16. g4 Bg6 17. Kg2 Rd8 18. Rad1 Rxd2+ 19. Rxd2 Bb4 20. Bg5 hxg4 21. Rd8# 1-0


[Site "https://www.chess.com"]

[Event "Titled Tuesday Blitz August 31 2021"]
[White "Karthikeyan, Murali"]
[Black "Baches Garcia, Guillermo"]
[WhiteFideId "5074452"]
[BlackFideId "2209764"]
[WhiteElo "2564"]
[BlackElo "2516"]
[Result "1-0"]
[Round "02"]
[TimeControl "180+1"]
[Date "2021.08.31"]
[WhiteClock "0:00:56"]
[BlackClock "0:01:23"]

1. d4 Nf6 2. c4 e6 3. Nf3 d5 4. g3 Be7 5. Bg2 O-O 6. Nc3 dxc4 7. Ne5 c5 8. dxc5 Qc7 9. Nxc4 Rd8 10. Qa4 Bd7 11. Qa5 Rc8 12. Qxc7 Rxc7 13. Bf4 Rxc5 14. Bxb7 Bc6 15. Bxa8 Bxa8 16. O-O Rxc4 17. Bxb8 Rb4 18. Bxa7 Rxb2 19. Rab1 Ba3 20. Rxb2 Bxb2 21. Rb1 1-0


[Site "https://www.chess.com"]

[Event "Titled Tuesday Blitz August 31 2021"]
[White "Karttunen, Mika"]
[Black "Vivas Zamora, Fabian Ernesto"]
[WhiteFideId "502081"]
[BlackFideId "3902480"]
[WhiteElo "2343"]
[BlackElo "1966"]
[Result "0-1"]
[Round "02"]
[TimeControl "180+1"]
[Date "2021.08.31"]
[WhiteClock "0:00:02"]
[BlackClock "0:00:02"]

1. d4 Nf6 2. c4 g6 3. Nc3 d5 4. Bg5 Bg7 5. Bxf6 Bxf6 6. cxd5 c6 7. e4 Bg7 8. h4 Qb6 9. Nge2 Qxb2 10. Rb1 Qa3 11. Rb3 Qa5 12. h5 cxd5 13. h6 Bf8 14. exd5 e6 15. Qb1 exd5 16. Rxb7 Bxb7 17. Qxb7 Bb4 18. Rh3 O-O 19. Qxa8 Rc8 20. f4 Bxc3+ 21. Rxc3 Rxc3 22. Nxc3 Qxc3+ 23. Kf2 Qxd4+ 24. Kf3 Qe4+ 25. Kg3 Qe3+ 26. Kg4 f5+ 27. Kh4 Qxf4+ 28. Kh3 Qxh6+ 29. Kg3 Qe3+ 30. Kh2 Qf4+ 31. Kg1 Qe3+ 32. Kh2 Qe5+ 33. g3 Qb2+ 34. Bg2 Kg7 35. Qxa7+ Kh6 36. Qe3+ Kg7 37. a4 Nc6 38. Qd3 Ne5 39. Qxd5 Ng4+ 40. Kh3 Qf6 41. Qb7+ Kh6 42. Qc6 Qg5 0-1


[Site "https://www.chess.com"]

[Event "Titled Tuesday Blitz August 31 2021"]
[White "Khabinets, Ivan"]
[Black "Dronavalli, Harika"]
[WhiteFideId "14115980"]
[BlackFideId "5015197"]
[WhiteElo "2114"]
[BlackElo "2422"]
[Result "1-0"]
[Round "02"]
[TimeControl "180+1"]
[Date "2021.08.31"]
[WhiteClock "0:00:09"]
[BlackClock "0:00:12"]

1. e4 c5 2. Be2 Nc6 3. f4 g6 4. Nf3 Bg7 5. O-O d6 6. c3 e5 7. fxe5 dxe5 8. Bc4 Nh6 9. d3 O-O 10. Bg5 Qd6 11. Qd2 Ng4 12. Na3 h6 13. Bh4 a6 14. Bd5 b5 15. Nc2 Bd7 16. a4 g5 17. axb5 axb5 18. Rxa8 Rxa8 19. Bxg5 hxg5 20. Nxg5 Be6 21. Nxf7 Qe7 22. Bxc6 Rf8 23. h3 Rxf7 24. Rxf7 Qxf7 25. hxg4 Qg6 26. g5 Bf8 27. Bxb5 Be7 28. Bc4 Kg7 29. Bxe6 Qxe6 30. Ne1 c4 31. Nf3 cxd3 32. Qxd3 Bc5+ 33. Kh2 Qg4 34. Qd5 Bf2 35. Qxe5+ Kg8 36. Qd5+ Kg7 37. Qe5+ Kg8 38. Qd5+ Kg7 39. Qf5 Qh5+ 40. Qh3 Qf7 41. Qh6+ Kg8 42. g6 Qc7+ 43. e5 Bc5 44. Qh7+ Qxh7+ 45. gxh7+ Kxh7 46. Kg3 Kg6 47. b4 Be3 48. c4 Kf5 49. c5 Bc1 50. c6 Bf4+ 51. Kf2 Ke6 52. b5 Bc1 53. b6 Ba3 54. b7 Bc5+ 55. Ke2 Ba7 56. c7 1-0


[Site "https://www.chess.com"]

[Event "Titled Tuesday Blitz August 31 2021"]
[White "Kollars, Dmitrij"]
[Black "Pert, Richard G"]
[WhiteFideId "12909572"]
[BlackFideId "404748"]
[WhiteElo "2576"]
[BlackElo "2441"]
[Result "1-0"]
[Round "02"]
[TimeControl "180+1"]
[Date "2021.08.31"]
[WhiteClock "0:00:36"]
[BlackClock "0:00:07"]

1. d4 Nf6 2. Nf3 g6 3. Nbd2 d5 4. e3 Bg7 5. b4 O-O 6. c4 c6 7. Be2 a5 8. b5 Bf5 9. a4 c5 10. O-O Ne4 11. Bb2 cxd4 12. Nxd4 Nd7 13. Nxe4 dxe4 14. Ba3 Rc8 15. g4 Be6 16. Nxe6 fxe6 17. Rc1 Qe8 18. c5 Ne5 19. Qc2 Nf3+ 20. Kg2 h5 21. Qxe4 Ng5 22. Qc4 hxg4 23. Qxg4 Rf5 24. Bc4 Qf7 25. e4 Re5 26. f4 Rxe4 27. Qxg5 Bf6 28. Qg4 Rd8 29. Rfe1 Rdd4 30. Bxe6 Rxe6 31. Qxe6 Rd2+ 32. Kf1 Qxe6 33. Rxe6 Bd4 34. c6 Rf2+ 35. Ke1 bxc6 36. bxc6 Ra2 37. c7 1-0


[Site "https://www.chess.com"]

[Event "Titled Tuesday Blitz August 31 2021"]
[White "Kovalev, Vladislav"]
[Black "Hampel, Felix"]
[WhiteFideId "13504398"]
[BlackFideId "24668125"]
[WhiteElo "2573"]
[BlackElo "2288"]
[Result "1-0"]
[Round "02"]
[TimeControl "180+1"]
[Date "2021.08.31"]
[WhiteClock "0:00:17"]
[BlackClock "0:00:10"]

1. e4 c5 2. Be2 Nc6 3. d3 e6 4. f4 d5 5. Nf3 dxe4 6. dxe4 Qxd1+ 7. Bxd1 Bd7 8. c3 O-O-O 9. Be3 h6 10. Nbd2 Nf6 11. Be2 Be7 12. O-O-O Kc7 13. h3 b6 14. g4 Bc8 15. Rhf1 Bb7 16. Ne5 Rhf8 17. Nxc6 Bxc6 18. Bf3 Rd3 19. Rfe1 Rfd8 20. Kc2 Ba4+ 21. b3 Bc6 22. Bg2 Nh7 23. Nc4 Rxd1 24. Rxd1 Rxd1 25. Kxd1 f5 26. Ne5 Bxe4 27. Bxe4 fxe4 28. Ke2 Nf6 29. Bd2 Bd6 30. Ng6 Kc6 31. c4 a6 32. Bc3 b5 33. Ke3 b4 34. Bxf6 gxf6 35. Kxe4 a5 36. f5 e5 37. Nh4 Be7 38. Nf3 Bd6 39. h4 Be7 40. Nd2 Bd6 41. Nf1 Be7 42. Ne3 Bd8 43. Nd5 Kd6 44. Ne3 Kc6 45. Nf1 Kd6 46. Ng3 Kc6 47. Nh5 Kd6 48. Ng7 Be7 49. Ne6 Kc6 50. g5 hxg5 51. hxg5 fxg5 52. Kxe5 g4 53. Kf4 Kd6 54. Kxg4 Ke5 55. Nf4 Bd8 56. Nd5 Kd4 57. Kf4 Bh4 58. f6 Bxf6 59. Nxf6 Kc3 60. Nd7 Kb2 61. Nxc5 Kxa2 62. Ke4 a4 63. bxa4 b3 64. Nxb3 Kxb3 65. c5 Kxa4 66. c6 Kb5 67. c7 Kc6 68. c8=Q+ Kd6 69. Qc4 1-0


[Site "https://www.chess.com"]

[Event "Titled Tuesday Blitz August 31 2021"]
[White "Krasilnikov, Evgeni"]
[Black "Gusarov, Grigory"]
[WhiteFideId "4139739"]
[BlackFideId "24102172"]
[WhiteElo "2295"]
[BlackElo "2247"]
[Result "1-0"]
[Round "02"]
[TimeControl "180+1"]
[Date "2021.08.31"]
[WhiteClock "0:01:23"]
[BlackClock "0:01:20"]

1. e4 Nf6 2. e5 Nd5 3. d4 d6 4. exd6 cxd6 5. c4 Nf6 6. Nc3 g6 7. Be2 Bg7 8. Nf3 O-O 9. O-O Nc6 10. h3 Bf5 11. d5 Nb4 12. Nd4 Bd7 13. a3 Na6 14. b4 Rc8 15. Rb1 Qc7 16. Ndb5 Bxb5 17. Nxb5 Qb8 18. Be3 b6 19. Nd4 Qb7 20. Qa4 Nb8 21. Rbc1 a6 22. Bf3 Nfd7 23. Nc6 Ne5 24. Nxe5 Bxe5 25. c5 bxc5 26. bxc5 dxc5 27. Bxc5 Bd6 28. Bd4 1-0


[Site "https://www.chess.com"]

[Event "Titled Tuesday Blitz August 31 2021"]
[White "Kuzubov, Yuriy"]
[Black "Nozdrachev, Leonid"]
[WhiteFideId "14112906"]
[BlackFideId "24113433"]
[WhiteElo "2564"]
[BlackElo "2240"]
[Result "1-0"]
[Round "02"]
[TimeControl "180+1"]
[Date "2021.08.31"]
[WhiteClock "0:00:19"]
[BlackClock "0:00:01"]

1. d4 Nf6 2. Nf3 e6 3. c4 d5 4. Nc3 Be7 5. Bg5 O-O 6. e3 h6 7. Bxf6 Bxf6 8. Qc2 b6 9. cxd5 exd5 10. O-O-O c6 11. Kb1 b5 12. Ne2 Nd7 13. g4 Nb6 14. Rg1 Nc4 15. Nf4 a5 16. h4 Bxh4 17. Bd3 Bg5 18. Nxg5 Qxg5 19. Bf5 Nd6 20. Bh7+ Kh8 21. Bd3 Bd7 22. Rh1 Rae8 23. Rh5 Qxg4 24. Be2 Bf5 25. Bxg4 Bxc2+ 26. Kxc2 Ne4 27. Rh2 Nf6 28. Bf5 Kg8 29. Rg1 Ne4 30. Bxe4 Rxe4 31. Rxh6 Rc8 32. Nh5 g6 33. Nf6+ Kg7 34. Nxe4 Kxh6 35. Nc5 Rc7 36. Kd3 g5 37. Rh1+ Kg6 38. Rh8 Re7 39. b3 a4 40. bxa4 bxa4 41. Nxa4 Ra7 42. Nc3 Ra6 43. a4 f6 44. Rc8 Kf5 45. f3 g4 46. fxg4+ Kxg4 47. Re8 Kf5 48. Kc2 Kg5 49. Kb3 f5 50. Kb4 Rb6+ 51. Kc5 Rb3 52. Ne2 Ra3 53. Kxc6 Rxa4 54. Kxd5 Ra5+ 55. Kc4 Ra4+ 56. Kd3 Ra3+ 57. Kd2 Ra2+ 58. Ke1 Kf6 59. Kf2 Kf7 60. Re5 Kf6 61. Kf3 Ra1 62. Ng3 f4 63. Kxf4 Ra3 64. Ne4+ Kf7 65. d5 Kf8 66. Re6 Ra7 67. Nf6 Rf7 68. e4 Kg7 69. Ke5 Rf8 70. d6 Ra8 71. d7 Ra5+ 72. Nd5 Kf7 73. d8=Q Ra6 74. Qe7+ 1-0


[Site "https://www.chess.com"]

[Event "Titled Tuesday Blitz August 31 2021"]
[White "Le, Tuan Minh"]
[Black "Dzagnidze, Nana"]
[WhiteFideId "12401153"]
[BlackFideId "13601903"]
[WhiteElo "2450"]
[BlackElo "2391"]
[Result "1-0"]
[Round "02"]
[TimeControl "180+1"]
[Date "2021.08.31"]
[WhiteClock "0:00:13"]
[BlackClock "0:00:12"]

1. d4 Nf6 2. Nf3 g6 3. Bg5 Bg7 4. Nbd2 O-O 5. c3 d5 6. e3 c5 7. Bd3 b6 8. Qe2 a5 9. O-O Ba6 10. Bxa6 Nxa6 11. Ne5 Qc7 12. f4 Ne4 13. Nxe4 dxe4 14. f5 gxf5 15. Rxf5 e6 16. Rf6 cxd4 17. exd4 Nc5 18. Raf1 Nd7 19. Nxd7 Qxd7 20. Qxe4 Rad8 21. Rh6 Bxh6 22. Bxh6 f5 23. Qe5 Rf7 24. Rf3 f4 25. Qg5+ Kh8 26. Qe5+ Kg8 27. Rxf4 Qd5 28. Rg4+ Rg7 29. Qxg7# 1-0


[Site "https://www.chess.com"]

[Event "Titled Tuesday Blitz August 31 2021"]
[White "Maghsoodloo, Parham"]
[Black "Gevorgyan, David Sh."]
[WhiteFideId "12539929"]
[BlackFideId "13303244"]
[WhiteElo "2601"]
[BlackElo "2255"]
[Result "1-0"]
[Round "02"]
[TimeControl "180+1"]
[Date "2021.08.31"]
[WhiteClock "0:00:44"]
[BlackClock "0:00:04"]

1. d4 Nf6 2. c4 g6 3. g3 Bg7 4. Bg2 O-O 5. Nc3 d6 6. Nf3 Nbd7 7. O-O e6 8. e4 c5 9. d5 exd5 10. cxd5 a6 11. a4 Re8 12. Re1 Ng4 13. h3 Nge5 14. Nxe5 Nxe5 15. f4 Nc4 16. Kh2 Bd7 17. Bf1 b5 18. Qc2 Qa5 19. Bxc4 bxc4 20. Bd2 Qb6 21. Nd1 Qb3 22. Qxb3 cxb3 23. Bc3 Bd4 24. g4 a5 25. Kg3 f6 26. Kf3 Rec8 27. Ra3 Rab8 28. Re2 Bxc3 29. bxc3 Rb6 30. Nb2 c4 31. Ke3 Rb7 32. Kd4 Rbc7 33. Ra1 Kf7 34. e5 fxe5+ 35. fxe5 dxe5+ 36. Rxe5 Kg7 37. Rf1 Be8 38. Rfe1 Bf7 39. Re7 Rxe7 40. Rxe7 Re8 41. Rxe8 Bxe8 42. g5 Bd7 43. h4 h6 44. Kxc4 hxg5 45. hxg5 Kf7 46. Kxb3 Ke7 47. Kc4 Kd6 48. Kd4 1-0


[Site "https://www.chess.com"]

[Event "Titled Tuesday Blitz August 31 2021"]
[White "Mekhitarian, Krikor Sevag"]
[Black "Agibileg, Uurtsaikh"]
[WhiteFideId "2107660"]
[BlackFideId "4901606"]
[WhiteElo "2598"]
[BlackElo "2150"]
[Result "1-0"]
[Round "02"]
[TimeControl "180+1"]
[Date "2021.08.31"]
[WhiteClock "0:00:04"]
[BlackClock "0:00:01"]

1. e4 c5 2. Nf3 Nf6 3. Nc3 d5 4. exd5 Nxd5 5. Ne5 Nxc3 6. bxc3 Nd7 7. Bb5 Qc7 8. Qe2 a6 9. Bxd7+ Bxd7 10. O-O e6 11. d3 Bd6 12. Bf4 O-O 13. Bg3 b5 14. Rae1 Bc6 15. Qh5 Rad8 16. Ng4 Bxg3 17. hxg3 Rd5 18. Qh4 c4 19. Ne3 Rdd8 20. d4 Qa5 21. Nd1 Qxa2 22. Re2 a5 23. Kh2 a4 24. Rh1 Qa1 25. g4 Rxd4 26. cxd4 Qxd4 27. Ne3 a3 28. Ree1 a2 29. Kg3 Ra8 30. Qxh7+ Kf8 31. c3 Qxc3 32. Qc2 Qe5+ 33. f4 a1=Q 34. fxe5 Qxe5+ 35. Kf2 Qf4+ 36. Kg1 Ra3 37. Qf2 Qd4 38. Nf1 Qxf2+ 39. Kxf2 b4 40. Ne3 c3 41. Re2 b3 42. Nc4 Ra4 43. Ne5 Bd5 44. Nd3 1-0


[Site "https://www.chess.com"]

[Event "Titled Tuesday Blitz August 31 2021"]
[White "Mikhailovsky, Vladimir"]
[Black "Tokman, Ariel"]
[WhiteFideId "34105414"]
[BlackFideId "117420"]
[WhiteElo "2315"]
[BlackElo "2345"]
[Result "1-0"]
[Round "02"]
[TimeControl "180+1"]
[Date "2021.08.31"]
[WhiteClock "0:00:17"]
[BlackClock "0:00:12"]

1. e4 e5 2. Nf3 Nc6 3. Nc3 Bc5 4. Nxe5 Nxe5 5. d4 Bd6 6. dxe5 Bxe5 7. Be3 d6 8. Qd2 Nf6 9. f3 O-O 10. O-O-O Be6 11. h4 Nd7 12. h5 Nb6 13. h6 g6 14. f4 Bh8 15. f5 Bc4 16. Bd4 Be5 17. Bxb6 Bxf1 18. Bxc7 Qxc7 19. Rhxf1 Qa5 20. Kb1 Qb6 21. Rf3 Rac8 22. b3 Rc5 23. Nd5 Qd8 24. Rdf1 f6 25. fxg6 hxg6 26. g4 g5 27. h7+ Kh8 28. Rf5 Rxd5 29. Qxd5 Qd7 30. Rxe5 1-0


[Site "https://www.chess.com"]

[Event "Titled Tuesday Blitz August 31 2021"]
[White "Mirzoev, Azer"]
[Black "Perera Alfonso, Rene Humberto"]
[WhiteFideId "13400304"]
[BlackFideId "3514722"]
[WhiteElo "2525"]
[BlackElo "2313"]
[Result "1-0"]
[Round "02"]
[TimeControl "180+1"]
[Date "2021.08.31"]
[WhiteClock "0:00:11"]
[BlackClock "0:00:52"]

1. d4 d5 2. Nf3 Nf6 3. Bf4 c5 4. e3 e6 5. c3 Nc6 6. Nbd2 Bd6 7. Bg3 Qe7 8. Ne5 Bxe5 9. dxe5 Nd7 10. f4 f6 11. exf6 Nxf6 12. Bb5 O-O 13. O-O Bd7 14. Nf3 Ne4 15. Bh4 Qf7 16. Bd3 h6 17. Bxe4 dxe4 18. Nd2 Qg6 19. Qc2 e5 20. Qxe4 Bf5 21. Qd5+ Kh8 22. fxe5 Qg4 23. Rf4 Qe2 24. Re1 Qb5 25. Ref1 g5 26. Rxf5 Rxf5 27. Rxf5 Ne7 28. Qe6 Nxf5 29. Qf6+ Ng7 30. Qxh6+ Kg8 31. Bxg5 Qe2 32. Nf1 Qd3 33. Bf6 Qh7 34. Qg5 Kf7 35. h4 Rg8 36. Qf4 Qf5 37. Ng3 Qxf4 38. exf4 Ne8 39. Kf2 Nxf6 40. exf6 Kxf6 41. Kf3 b6 42. Ne4+ Kg6 43. g4 Rd8 44. f5+ Kh6 45. g5+ Kh5 46. g6 Kxh4 47. g7 Kh5 48. Nf6+ Kg5 49. g8=Q+ Rxg8 50. Nxg8 Kxf5 51. Ne7+ Ke5 52. Ke3 a5 53. c4 Kd6 54. Nd5 b5 55. Kd3 b4 56. Ne3 a4 57. b3 axb3 58. axb3 Ke5 59. Nd1 Kd6 60. Nf2 Ke5 61. Ne4 Ke6 62. Nxc5+ 1-0


[Site "https://www.chess.com"]

[Event "Titled Tuesday Blitz August 31 2021"]
[White "Mitrabha, Guha"]
[Black "Tymrakiewicz, Rafal"]
[WhiteFideId "5057000"]
[BlackFideId "1108832"]
[WhiteElo "2334"]
[BlackElo "2172"]
[Result "1-0"]
[Round "02"]
[TimeControl "180+1"]
[Date "2021.08.31"]
[WhiteClock "0:01:17"]
[BlackClock "0:00:01"]

1. d4 Nf6 2. Bg5 d5 3. Bxf6 exf6 4. c4 c5 5. dxc5 d4 6. a3 Nc6 7. g3 a5 8. Bg2 Bxc5 9. Nf3 O-O 10. O-O Re8 11. Nbd2 a4 12. Ne1 Bg4 13. Bf3 Bh3 14. Bg2 Bg4 15. Ndf3 Ne5 16. Nd3 Nxd3 17. exd3 Qd7 18. b4 axb3 19. Qxb3 b6 20. Nd2 Ra7 21. a4 f5 22. h3 Bh5 23. Bd5 f4 24. g4 Bxg4 25. hxg4 Qxg4+ 26. Bg2 Re2 27. Rae1 Rae7 28. Nf3 R7e6 29. Rxe2 Rxe2 30. Re1 Rxe1+ 31. Nxe1 h5 32. a5 h4 33. axb6 1-0


[Site "https://www.chess.com"]

[Event "Titled Tuesday Blitz August 31 2021"]
[White "Mokshanov, Alexey"]
[Black "LEGENYA1998"]
[WhiteFideId "24121657"]
[WhiteElo "2262"]
[BlackElo "2419"]
[Result "1-0"]
[Round "02"]
[TimeControl "180+1"]
[Date "2021.08.31"]
[WhiteClock "0:00:51"]
[BlackClock "0:01:13"]

1. e4 d5 2. exd5 Qxd5 3. Nc3 Qa5 4. Bc4 Nf6 5. Nge2 g6 6. O-O Bg7 7. d3 Nc6 8. a3 Bg4 9. f3 Bd7 10. Kh1 O-O 11. Bf4 e5 12. b4 Nxb4 13. axb4 Qxb4 14. Bxe5 Rfe8 15. Bxf6 Bxf6 16. Nd5 Qd6 17. Nxf6+ Qxf6 18. Ng3 a5 19. Ne4 Qg7 20. Ng5 Re7 21. Re1 Rae8 22. Rxe7 Rxe7 23. Rxa5 h6 24. Ra8+ Be8 25. Nxf7 Kh7 26. Nd8 Qe5 27. Ne6 Rxe6 28. Bxe6 Qxe6 29. Qa1 h5 30. h3 h4 31. Qc3 c6 32. Ra1 Bf7 33. Re1 Qd6 34. Qe5 Qb4 35. Qe4 Qxe4 36. Rxe4 g5 37. Re7 Kg6 38. Rxb7 Be6 39. Kg1 Kf5 40. Rc7 Bd5 41. c4 Be6 42. Rxc6 1-0


[Site "https://www.chess.com"]

[Event "Titled Tuesday Blitz August 31 2021"]
[White "Murzin, Volodar"]
[Black "Al-Tarboush, Ward"]
[WhiteFideId "44155573"]
[BlackFideId "7601450"]
[WhiteElo "2541"]
[BlackElo "2319"]
[Result "1-0"]
[Round "02"]
[TimeControl "180+1"]
[Date "2021.08.31"]
[WhiteClock "0:00:02"]
[BlackClock "0:00:02"]

1. e4 b6 2. d4 Bb7 3. Nc3 e6 4. Nf3 Bb4 5. Bd3 Nf6 6. Qe2 d5 7. exd5 Qxd5 8. O-O Bxc3 9. bxc3 Qh5 10. Ne5 Qxe2 11. Bxe2 O-O 12. Ba3 Rc8 13. c4 Nbd7 14. Nxd7 Nxd7 15. Rfd1 c6 16. Bd6 Nf6 17. Bf3 Rd8 18. c5 b5 19. a4 a6 20. Rab1 Nd5 21. Rd3 Rd7 22. Rdb3 Bc8 23. Be2 b4 24. a5 Nc3 25. Bf3 Nxb1 26. Bxc6 Nd2 27. Rd3 Nc4 28. Bxa8 Nxd6 29. cxd6 Rxd6 30. f3 Kf8 31. Kf2 Ke7 32. Ke3 Kd8 33. Rb3 e5 34. dxe5 Rh6 35. h3 Bf5 36. Be4 Bxe4 37. Kxe4 Rc6 38. Rxb4 Rxc2 39. Rb6 Rxg2 40. Rxa6 Re2+ 41. Kf4 Ra2 42. Ra7 Ke8 43. Kf5 Ra3 44. f4 Rxh3 45. a6 Ra3 46. Ke4 Ra5 47. f5 h5 48. e6 fxe6 49. fxe6 h4 50. Kf3 g5 51. Kg4 Ra4+ 52. Kxg5 h3 53. Kf6 Rf4+ 54. Ke5 Rh4 55. Ra8+ Ke7 56. Ra7+ 1-0


[Site "https://www.chess.com"]

[Event "Titled Tuesday Blitz August 31 2021"]
[White "Nefedov, Sergey"]
[Black "Starozhilov, Leonid"]
[WhiteFideId "24113417"]
[BlackFideId "14106752"]
[WhiteElo "2380"]
[BlackElo "2414"]
[Result "0-1"]
[Round "02"]
[TimeControl "180+1"]
[Date "2021.08.31"]
[WhiteClock "0:00:02"]
[BlackClock "0:00:05"]

1. d4 Nf6 2. Nf3 g6 3. c4 Bg7 4. Nc3 d6 5. Bg5 O-O 6. Qd2 Bf5 7. Bh6 c5 8. d5 Qa5 9. Bxg7 Kxg7 10. Nh4 Bc8 11. e4 Nbd7 12. f4 a6 13. Nf3 Rb8 14. e5 Ne8 15. Ne4 Qxd2+ 16. Kxd2 b5 17. b3 Nb6 18. Rc1 Bf5 19. Ng3 Bg4 20. Ng5 bxc4 21. Bxc4 Nxc4+ 22. bxc4 h6 23. N5e4 Bf5 24. Nxf5+ gxf5 25. Ng3 e6 26. Rb1 Rd8 27. Kc3 dxe5 28. fxe5 exd5 29. Nxf5+ Kh7 30. cxd5 Rxd5 31. Rhe1 Ng7 32. Kc4 Rd2 33. Nd6 Ne6 34. Rb7 Rf2 35. g3 Kg8 36. h4 Rf3 37. Re4 Rxg3 38. Kd5 Rd3+ 39. Kc6 Rd4 40. Rxd4 cxd4 41. Kd5 d3 42. Rb3 d2 43. Rb1 Nf4+ 44. Ke4 Ng6 45. Rd1 Nxh4 46. Rxd2 Ng6 47. Rg2 Kh7 48. Kf5 Nh4+ 49. Kf6 Nxg2 50. Ke7 Kg8 51. Ne4 Nf4 52. Nf6+ Kg7 53. Nd7 Ra8 54. Nb6 Ng6+ 55. Kd6 Rb8 56. Nd7 Rb2 57. e6 fxe6 0-1


[Site "https://www.chess.com"]

[Event "Titled Tuesday Blitz August 31 2021"]
[White "Nenezic, Marko"]
[Black "Zubov, Alexander"]
[WhiteFideId "912123"]
[BlackFideId "14109409"]
[WhiteElo "2438"]
[BlackElo "2740"]
[Result "0-1"]
[Round "02"]
[TimeControl "180+1"]
[Date "2021.08.31"]
[WhiteClock "0:00:53"]
[BlackClock "0:00:57"]

1. Nf3 d5 2. d4 Nf6 3. c4 c6 4. Nc3 a6 5. c5 g6 6. Bf4 Bg7 7. h3 O-O 8. e3 Bf5 9. Bd3 Bxd3 10. Qxd3 Nbd7 11. O-O Ne8 12. b4 Nc7 13. a4 Re8 14. Bxc7 Qxc7 15. e4 dxe4 16. Qxe4 a5 17. Rab1 axb4 18. Rxb4 Nxc5 19. dxc5 Bxc3 20. Rb3 Bf6 21. Rfb1 Ra7 22. Rb6 Rea8 23. R1b4 Qd7 24. g4 Rxa4 25. g5 Rxb4 26. Qxb4 Qxh3 27. gxf6 Qxf3 0-1


[Site "https://www.chess.com"]

[Event "Titled Tuesday Blitz August 31 2021"]
[White "Obrien, Matthew"]
[Black "Fier, Alexandr"]
[WhiteFideId "2059150"]
[BlackFideId "2107139"]
[WhiteElo "2553"]
[BlackElo "2569"]
[Result "0-1"]
[Round "02"]
[TimeControl "180+1"]
[Date "2021.08.31"]
[WhiteClock "0:00:06"]
[BlackClock "0:01:30"]

1. e4 c5 2. Nf3 d6 3. d4 cxd4 4. Nxd4 Nf6 5. Nc3 e6 6. g4 a6 7. h4 b5 8. g5 Nfd7 9. Bg2 Bb7 10. h5 b4 11. Nce2 Nc5 12. Ng3 Be7 13. g6 hxg6 14. hxg6 Rxh1+ 15. Bxh1 fxg6 16. Qg4 Kf7 17. Be3 e5 18. Nf3 Bc8 19. Ng5+ Bxg5 20. Qxg5 Qxg5 21. Bxg5 Ne6 22. Be3 Nc6 23. O-O-O Ke7 24. Ne2 Bb7 25. Bg2 Rh8 26. Rh1 Rxh1+ 27. Bxh1 a5 28. Bg2 Ba6 29. Bf1 Kf6 30. c3 bxc3 31. bxc3 Bc4 32. a3 g5 33. Ng3 Bxf1 34. Nxf1 Nf4 35. Kd2 a4 36. Ng3 Na5 37. Kc2 Nc4 38. Bc1 g6 39. Nf1 Ng2 40. Nh2 Ne1+ 41. Kd1 Nd3 42. Ng4+ Ke6 43. Bxg5 Nxa3 44. Ne3 Nxf2+ 45. Kc1 Nxe4 46. Bh6 Nxc3 47. Kb2 Nab5 48. Nc2 a3+ 49. Nxa3 Nxa3 50. Kxc3 Nb5+ 51. Kd3 Nd4 52. Bc1 Nf5 53. Ke2 d5 54. Bg5 e4 0-1


[Site "https://www.chess.com"]

[Event "Titled Tuesday Blitz August 31 2021"]
[White "Ovchinnikov, Vsevolod"]
[Black "Ozen, Bahadir"]
[WhiteFideId "24176842"]
[BlackFideId "6337058"]
[WhiteElo "2376"]
[BlackElo "2503"]
[Result "1-0"]
[Round "02"]
[TimeControl "180+1"]
[Date "2021.08.31"]
[WhiteClock "0:00:13"]
[BlackClock "0:00:10"]

1. d4 b5 2. e4 Bb7 3. Nd2 a6 4. Ngf3 e6 5. Bd3 c5 6. c3 Nf6 7. O-O d5 8. e5 Nfd7 9. Re1 Nc6 10. Nf1 Be7 11. Ng3 h5 12. h3 g6 13. Be3 Qb6 14. a3 O-O-O 15. b4 cxd4 16. cxd4 Kb8 17. Qd2 Rc8 18. Bf1 Qd8 19. Red1 Nb6 20. Bg5 Nc4 21. Qf4 Rf8 22. h4 Rc7 23. Ne2 Nb2 24. Rd2 Nc4 25. Rdd1 Nb2 26. Rdb1 Nc4 27. Nc1 f6 28. exf6 Bxf6 29. Bxf6 Qxf6 30. Qxf6 Rxf6 31. Nb3 Rcf7 32. Re1 Bc8 33. Ng5 Re7 34. g3 e5 35. dxe5 Rxe5 36. Bg2 Rxe1+ 37. Rxe1 Nxa3 38. Bxd5 Nxb4 39. Bg2 Nc4 40. Re8 Nd6 41. Rg8 Kc7 42. Nd4 a5 43. Ne4 Nxe4 44. Bxe4 a4 45. Nxb5+ Kb6 46. Nc3 Kc7 47. Nxa4 Bf5 48. Bxf5 Rxf5 49. Rxg6 Nd3 50. f4 Ra5 51. Nc3 Rc5 52. Ne4 Rc2 53. Rg5 Kb8 54. Kf1 Kc8 55. Rxh5 Kd8 56. Rd5+ 1-0


[Site "https://www.chess.com"]